 Dungeon Crawl Stone Soup version 0.18-a0-987-g0b0e4e7 (webtiles) character file.

641 tehphobia the Stinger (level 7, 0/52 HPs)
             Began as a Mottled Draconian Venom Mage on Jan 4, 2016.
             Succumbed to poison (a potion of poison)
             ... on level 4 of the Dungeon.
             The game lasted 00:13:18 (3471 turns).

tehphobia the Stinger (DrVM)                        Turns: 3471, Time: 00:13:18

Health: 0/52       AC:  6    Str: 11    XL:     7   Next: 26%
Magic:  4/10       EV: 12    Int: 15    God:
Gold:   143        SH:  0    Dex: 13    Spells: 3 memorised, 3 levels left

rFire  . . .     SeeInvis .     o - +0 long sword
rCold  . . .     Gourm    +     (armour unavailable)
rNeg   . . .     Faith    .     (no shield)
rPois  .         Spirit   .     (helmet restricted)
rElec  .         Dismiss  .     (no cloak)
rCorr  .         Reflect  .     (no gloves)
SustAt .         Harm     .     (no boots)
MR     .....                    p - amulet of the gourmand
Stlth  ++........               (no ring)
                                (no ring)

@: lethally poisoned (0 -> -12), very slightly contaminated, invisible, not
resistant to hostile enchantments, unstealthy
A: breathe sticky flame splash, unfitting armour, cold-blooded, AC +6
a: Breathe Sticky Flame


You were on level 4 of the Dungeon.
You were hungry.

You visited 1 branch of the dungeon, and saw 4 of its levels.

You collected 143 gold pieces.

Inventory:

Hand Weapons
 e - a +0 dagger
 o - a +0 long sword (weapon)
Jewellery
 c - the amulet of Hospitality {rF+ Regen+, unknown}
   (You found it on level 4 of the Dungeon)

   [amulet of regeneration]

   It protects you from fire.
   It increases your rate of regeneration.
 n - an uncursed ring of sustain attributes
 p - an amulet of the gourmand (around neck)
Scrolls
 g - 3 scrolls of remove curse
 h - a scroll of recharging
 j - a scroll of fog {unknown}
 q - a scroll of identify
Potions
 f - a potion of flight
 i - a potion of mutation {unknown}
 r - a potion of might {unknown}
Books
 a - a Young Poisoner's Handbook

   Spells                             Type                      Level
   a - Sting                          Conjuration/Poison           1
   b - Cure Poison                    Poison                       2
   c - Mephitic Cloud                 Conjuration/Poison/Air       3
   d - Olgreb's Toxic Radiance        Poison                       4
   e - Venom Bolt                     Conjuration/Poison           5
Comestibles
 b - a bread ration
 k - 2 meat rations
 m - 2 beef jerkies
 s - a royal jelly


   Skills:
 - Level 1.3 Fighting
 - Level 0.8 Long Blades
 - Level 1.7 Dodging
 * Level 3.6 Stealth
 - Level 2.0 Spellcasting
 - Level 3.8 Conjurations
 * Level 6.9 Poison Magic


You had 3 spell levels left.
You knew the following spells:

 Your Spells              Type           Power        Failure   Level  Hunger
a - Sting                 Conj/Pois      ###.         2%          1    #......
b - Olgreb's Toxic Radia  Pois           ###.....     17%         4    #####..
c - Cure Poison           Pois           ###.......   1%          2    ###....


Dungeon Overview and Level Annotations

Branches:
Dungeon (4/15)
 Temple: D:4-7

Altars:
Nemelex Xobeh
Qazlal
Sif Muna

Annotations:
D:4 Edmund


Innate Abilities, Weirdness & Mutations

You can spit globs of burning liquid.
You can ignite nearby creatures when you spit burning liquid.
Your weird mottled scales are hard (AC +6).
Your body does not fit into most forms of armour.
You are cold-blooded and may be slowed by cold attacks.


Message History

* * * LOW HITPOINT WARNING * * *
x2 Edmund misses you.
* * * LOW HITPOINT WARNING * * *
You feel sick.
* * * LOW HITPOINT WARNING * * *
You feel sick. Edmund closely misses you.
Edmund looks more healthy.
* * * LOW HITPOINT WARNING * * *
You feel sick.
Drink which item? (? for menu, Esc to quit)
It was a potion of invisibility.
You fade into invisibility!
You are very lightly contaminated with residual magic.
Drink which item? (? for menu, Esc to quit)
It was a potion of poison.
That liquid tasted very nasty...
You are lethally poisoned!
* * * LOW HITPOINT WARNING * * *
You feel sick. Edmund barely misses you.
You die...

#.......#...... #.#
#.......###.### ####+## ..
#.......###.### #.....# #.
#...........#.. #.....#
#.###.#####.#####.( #.....#
#..##.# #.# +..
#######.....# #.##.# #.#
#..
......<..#.#####..#.#####.#
#..
.........#....@.@.........#
#..
.........########.#.#######
#.. .........#######......
#..
.[?............#........
..........!....#...†....#
...?...........#...>....+
.........#######........#
.........# #........#
.........#


You could see Edmund.

Vanquished Creatures
  Sigmund (D:3)
  A phantom (D:4)
  An ogre (D:4)
  A crimson imp (D:3)
  A jelly (D:3)
  A hound (D:4)
  A centaur skeleton (D:4)
  Terence (D:3)
  3 worker ants (D:4)
  A hound skeleton (D:4)
  3 adders
  2 oozes (D:2)
  A worm (D:3)
  3 giant geckos
  An orc (D:3)
  2 ball pythons (D:3)
  6 giant cockroaches
  8 goblins
  8 hobgoblins
  5 kobolds
  6 bats
  3 giant newts (D:2)
  2 rats
62 creatures vanquished.

Notes
Turn   | Place    | Note
--------------------------------------------------------------
     0 | D:1      | tehphobia the Draconian Venom Mage began the quest for the Orb.
     0 | D:1      | Reached XP level 1. HP: 14/14 MP: 3/3
   214 | D:1      | Reached XP level 2. HP: 14/20 MP: 1/5
   771 | D:2      | Reached XP level 3. HP: 9/26 MP: 1/6
   804 | D:2      | Reached skill level 1 in Conjurations
   866 | D:2      | Found a sparkling altar of Nemelex Xobeh.
  1519 | D:3      | Reached XP level 4. HP: 34/34 MP: 4/7
  1563 | D:3      | Noticed Terence
  1568 | D:3      | Noticed Sigmund
  1569 | D:3      | Killed Terence
  1585 | D:3      | Killed Sigmund
  1585 | D:3      | Reached skill level 1 in Fighting
  1585 | D:3      | Reached skill level 5 in Poison Magic
  1585 | D:3      | Reached XP level 5. HP: 18/40 MP: 0/8
  1884 | D:3      | Reached XP level 6. HP: 47/47 MP: 6/9
  2032 | D:3      | Found a deep blue altar of Sif Muna.
  2040 | D:3      | Found a stormy altar of Qazlal.
  2363 | D:4      | HP: 1/47 [acid (8)]
  2795 | D:4      | Reached skill level 6 in Poison Magic
  3023 | D:4      | Learned a level 4 spell: Olgreb's Toxic Radiance
  3026 | D:4      | Learned a level 2 spell: Cure Poison
  3085 | D:4      | Your scales start taking on a weird mottled colour.
  3085 | D:4      | Reached XP level 7. HP: 29/52 MP: 10/10
  3422 | D:4      | Got a heavily runed bone amulet
  3430 | D:4      | Noticed Edmund
  3461 | D:4      | HP: 2/52 [poisoned by a worker ant]
  3468 | D:4      | HP: 1/52 [poisoned by a worker ant]
  3471 | D:4      | Succumbed to poison (a potion of poison)

Vault maps used:
D:1:      dpeg_arrival_orchard, feat_on_display
D:2:      nemelex_xobeh_ov_fountains_minmay, minmay_door_square
D:3:      minitemple, uniq_sigmund, uniq_terence
D:4:      minivault_14, uniq_edmund

Action                   |  1- 3 |  4- 6 |  7- 9 || total
-------------------------+-------+-------+-------++-------
Melee: Dagger            |    83 |       |       ||    83
       Unarmed           |     3 |       |       ||     3
       Long sword        |    18 |    75 |    11 ||   104
 Cast: Sting             |    58 |    49 |    17 ||   124
  Use: Scroll            |     5 |       |       ||     5
       Potion            |     2 |     2 |     2 ||     6
  Eat: Fruit             |     3 |       |     3 ||     6
       Chunk             |     1 |     6 |       ||     7
